 Dungeon Crawl Stone Soup version 0.21-a0-529-g8c7b3f5 (webtiles) character file.

10 Amnesiac the Grave Robber (level 2, -1/16 HPs)
             Began as a Deep Elf Necromancer on Dec 9, 2017.
             Slain by a goblin
             ... wielding a +0 dagger
              (2 damage)
             ... on level 1 of the Dungeon.
             The game lasted 00:00:29 (386 turns).

Amnesiac the Grave Robber (Deep Elf Necromancer)     Turns: 386, Time: 00:00:29

Health: -1/16      AC:  2    Str:  5    XL:     2   Next: 10%
Magic:  5/8        EV: 13    Int: 19    God:
Gold:   14         SH:  0    Dex: 15    Spells: 6/7 levels left

rFire    . . .     SeeInvis .   e - +0 hand axe
rCold    . . .     Gourm    .   (no shield)
rNeg     . . .     Faith    .   a - +0 robe
rPois    .         Spirit   .   (no helmet)
rElec    .         Reflect  .   (no cloak)
rCorr    .         Harm     .   (no gloves)
MR       .....                  (no boots)
Stlth    ++........             (no amulet)
HPRegen  0.05/turn              (no ring)
MPRegen  0.11/turn              (no ring)

@: no status effects
A: no striking features
a: no special abilities


You were on level 1 of the Dungeon.
You were not hungry.

You visited 1 branch of the dungeon, and saw 1 of its levels.

You collected 14 gold pieces.

Inventory:

Hand Weapons
 e - a +0 hand axe (weapon)
Armour
 a - a +0 robe (worn)
Scrolls
 g - a scroll of identify {!r, unknown}
 h - 2 scrolls of magic mapping {!r, unknown}
Potions
 d - 2 potions of haste {!q, unknown}
 f - a potion of curing {!q, unknown}
Books
 b - a book of Necromancy

   Spells                             Type                      Level
   a - Pain                           Necromancy                   1
   b - Animate Skeleton               Necromancy                   1
   c - Vampiric Draining              Necromancy                   3
   d - Regeneration                   Charms/Necromancy            3
   e - Animate Dead                   Necromancy                   4
   f - Control Undead                 Necromancy                   4
Comestibles
 c - 3 bread rations


   Skills:
 + Level 1.4 Fighting
 - Level 2.4 Dodging
 - Level 2.4 Stealth
 - Level 3.0 Spellcasting
 - Level 4.8 Necromancy


You had 6 spell levels left.
You knew the following spells:

 Your Spells              Type           Power        Failure   Level  Hunger
a - Pain                  Necr           ###.         1%          1    None


Dungeon Overview and Level Annotations

Branches:
Dungeon (1/15)

Altars:


Message History

The dart slug is almost dead.
The dart slug closely misses you.
Unknown command.
You hit the dart slug.
You kill the dart slug!
You have reached level 2!
Casting: Pain
Confirm with . or Enter, or press ? or * to list all spells.
Aiming: Pain
Press: ? - help, Shift-Dir - straight line, f - rat
Aim: a rat (chance to defeat MR: 91%)
The rat writhes in agony!
You kill the rat!
You start resting.
Magic restored.
You start resting.
Magic restored.
You start resting.
All of the chunks of flesh in your inventory have rotted away.
HP restored.
You now have 14 gold pieces.
g - a scroll labeled BIHANLIGOL {!r} 2 goblins come into view.
There are monsters nearby!
There are monsters nearby!
A gnoll comes into view. It is wielding a halberd.
The gnoll shouts!
You hear a shout!
Casting: Pain
Confirm with . or Enter, or press ? or * to list all spells.
You can't see any susceptible monsters within range! (Use Z to cast anyway.)
There are monsters nearby!
A goblin comes into view. It is wielding a dagger.
The goblin shouts! x3
A hobgoblin comes into view.
Casting: Pain
Confirm with . or Enter, or press ? or * to list all spells.
Aiming: Pain
Press: ? - help, Shift-Dir - straight line, f - gnoll
Aim: a gnoll, wielding a halberd (chance to defeat MR: 86%)
The gnoll writhes in agony!
The hobgoblin shouts!
There are monsters nearby!
The gnoll completely misses you.
A kobold comes into view.
Casting: Pain
Confirm with . or Enter, or press ? or * to list all spells.
Aiming: Pain
Press: ? - help, Shift-Dir - straight line, f/p - gnoll
Aim: a gnoll, wielding a halberd (severely wounded, chance to defeat MR: 86%)
The gnoll writhes in agony!
The gnoll hits you from afar with a halberd!
Ouch! That really hurt!
* * * LOW HITPOINT WARNING * * *
There are monsters nearby!
You are too injured to fight recklessly!
Casting: Pain
Confirm with . or Enter, or press ? or * to list all spells.
Aiming: Pain
Press: ? - help, Shift-Dir - straight line, f/p - gnoll
Aim: a gnoll, wielding a halberd (severely wounded, chance to defeat MR: 86%)
The goblin writhes in agony!
The goblin hits you but does no damage. x2
The gnoll misses you. The goblin hits you with a dagger.
You die...

####.......
#...........
#.#......... #
#.#.........
###.##.#.........
.........g.......
...K....g........
#ggg........
#..@..##+##
###......##
#....#...#
#..#.#.#+####
#....#......# #
#.####......#.#
#...........#.#
####..........#
#........###


You could see a gnoll, a hobgoblin, 3 goblins and a kobold.

Vanquished Creatures
  A dart slug (D:1)
  3 bats (D:1)
  A hobgoblin (D:1)
  A frilled lizard (D:1)
  A kobold (D:1)
  A rat (D:1)
8 creatures vanquished.

Notes
Turn   | Place    | Note
-------+----------+-------------------------------------------
     0 | D:1      | Amnesiac the Deep Elf Necromancer began the quest for the Orb.
     0 | D:1      | Reached XP level 1. HP: 10/10 MP: 6/6
   108 | D:1      | Reached skill level 1 in Fighting
   141 | D:1      | Reached XP level 2. HP: 3/16 MP: 0/8
   386 | D:1      | Slain by a goblin

Vault maps used:
D:1:      kennysheep_arrival_seaside

Skill      XL: |  1 |
---------------+----+-----
Fighting       | 1 |  1.4
Dodging        | |  2.4
Stealth        | |  2.4
Spellcasting   | |  3.0
Necromancy     | |  4.8

Action                   || total
-------------------------++-------
Melee: Hand axe          ||     4
 Cast: Pain              ||    16
Armor: Robe              ||     4
Dodge: Dodged            ||     7

Table legend:
 A = Spawn XP
 B = Non-spawn XP
 C = Spawn XP percentage of total XP
 D = Spawn monster count
 E = Non-spawn monster count
 F = Spawn count percentage of total count
 G = Total turns spent on level
                    A         B        C        D         E        F      G
               +---------+---------+-------+---------+---------+-------+---------
         Total |       0 |      15 |   0.0 |       0 |       8 |   0.0 |   386
               +---------+---------+-------+---------+---------+-------+---------
           D:1 |       0 |      15 |   0.0 |       0 |       8 |   0.0 |   386
               +---------+---------+-------+---------+---------+-------+---------
